 Dungeon Crawl Stone Soup version 0.23-a0-650-ga4d50d4 (webtiles) character file.

109 MalarOregon the Chiller (level 4, -1/30 HPs)
             Began as a Merfolk Ice Elementalist on Jan 5, 2019.
             Killed from afar by an orc wizard (2 damage)
             ... with a puff of flame
             ... on level 3 of the Dungeon.
             The game lasted 00:04:53 (2342 turns).

MalarOregon the Chiller (Merfolk Ice Elementalist)  Turns: 2342, Time: 00:04:55

Health: -1/30      AC:  3    Str:  8    XL:     4   Next: 90%
Magic:  1/8        EV: 14    Int: 15    God:
Gold:   106        SH:  0    Dex: 14    Spells: 8/9 levels left

rFire    . . .     SeeInvis .   (no weapon)
rCold    . . .     Gourm    .   (no shield)
rNeg     . . .     Faith    .   a - +0 robe
rPois    .         Spirit   .   (no helmet)
rElec    .         Reflect  .   (no cloak)
rCorr    .         Harm     .   g - +0 pair of gloves
MR       .....                  (no boots)
Stlth    ++........             (no amulet)
HPRegen  0.10/turn              (no ring)
MPRegen  0.11/turn              (no ring)

@: very slightly contaminated
A: change form in water, swift swim, stealthy swim
a: no special abilities


You were on level 3 of the Dungeon.
You were not hungry.

You visited 1 branch of the dungeon, and saw 3 of its levels.

You collected 106 gold pieces.

Inventory:

Missiles
 j - a throwing net {!f}
 n - 6 javelins (quivered)
Armour
 a - a +0 robe (worn)
 g - a +0 pair of gloves (worn)
   (You found it on level 2 of the Dungeon)
Wands
 x - a wand of acid (7)
   (You found it on level 2 of the Dungeon)
Scrolls
 b - a scroll of amnesia {unknown}
 h - a scroll of enchant armour {unknown}
 i - 3 scrolls of identify {unknown}
 l - 2 scrolls of fear {unknown}
 o - a scroll of teleportation {unknown}
 p - a scroll of immolation {unknown}
Potions
 c - a potion of haste {unknown}
 d - a potion of lignification {unknown}
 f - a potion of agility {unknown}
 k - a potion of might {unknown}
 m - a potion of curing {unknown}
 q - a potion of berserk rage {unknown}
 r - a potion of invisibility {unknown}
Comestibles
 e - 7 rations {!d}


   Skills:
 + Level 4.3 Dodging
 - Level 2.1 Stealth
 + Level 3.0 Spellcasting
   Level 0.7 Conjurations
 + Level 4.3 Ice Magic


You had 8 spell levels left.
You knew the following spells:

 Your Spells              Type           Power        Failure   Level  Hunger
a - Freeze                Ice            ###.         3%          1    #......

Your spell library contained the following spells:

 Spells                   Type           Power        Failure   Level  Hunger
 Throw Frost              Conj/Ice       #.....       11%         2    ##.....
 Ozocubu's Armour         Chrm/Ice       #.......     24%         3    ###....
 Throw Icicle             Conj/Ice       #.......     56%         4    #####..
 Summon Ice Beast         Ice/Summ       #.......     63%         4    #####..


Dungeon Overview and Level Annotations

Branches:
Dungeon (3/15)

Altars:
Dithmenos
Yredelemnul
Zin


Message History

Your hands feel numb with cold.
The jackal barely misses you.
Aim: a jackal (severely wounded)
You freeze the jackal.
You kill the jackal!
Aim: an orc wizard, wielding a +0 dagger and wearing a +0 robe You miscast Freeze.
You feel a strange surge of energy!
The orc wizard hits you with a +0 dagger.
The orc wizard gestures wildly while chanting.
The orc wizard seems to speed up.
Aim: an orc wizard, wielding a +0 dagger and wearing a +0 robe You freeze the orc wizard.
The orc wizard hits you but does no damage.
Aim: an orc wizard, wielding a +0 dagger and wearing a +0 robe (moderately You freeze the orc wizard.
The orc wizard hits you with a +0 dagger.
Throwing (i - inventory. (/) - cycle)
n - 9 javelins (quivered)
Aim: an orc wizard, wielding a +0 dagger and wearing a +0 robe (heavily You throw a javelin.
The javelin closely misses the orc wizard.
The javelin hits the orc wizard.
The orc wizard hits you with a +0 dagger.
The orc wizard gestures wildly while chanting.
The orc wizard blinks!
The orc wizard hits you with a +0 dagger.
Throwing (i - inventory. (/) - cycle)
n - 8 javelins (quivered)
Aim: an orc wizard, wielding a +0 dagger and wearing a +0 robe (heavily You throw a javelin.
The javelin barely misses the orc wizard.
The orc wizard hits you but does no damage.
The orc wizard barely misses you.
The orc wizard hits you with a +0 dagger.
Throwing (i - inventory. (/) - cycle)
n - 7 javelins (quivered)
Aim: an orc wizard, wielding a +0 dagger and wearing a +0 robe (heavily You throw a javelin.
The javelin barely misses the orc wizard.
The orc wizard points at you and mumbles some strange words.
The magic dart hits you!
* * * LOW HITPOINT WARNING * * *
The orc wizard hits you with a +0 dagger.
* * * LOW HITPOINT WARNING * * *
The orc wizard misses you. The orc wizard completely misses you.
The orc wizard hits you with a +0 dagger.
* * * LOW HITPOINT WARNING * * *
The orc wizard barely misses you.
The orc wizard hits you but does no damage.
Aim: an orc wizard, wielding a +0 dagger and wearing a +0 robe (fast)
You freeze the orc wizard. The orc wizard closely misses you.
The orc wizard points at you and mumbles some strange words.
The puff of flame hits you!
You die...

####.##.............####.#
####.##......##.#...#....#
...............#.#...#.####
#.##.##.......#.......#
#....#........#......)#
#....o.o.###..###.##.##
#.####.#........# #. #
#)#.o##..#. .. #..(.#@# #
##. #.####.# .. #. #.. ## .
#### .# #.


You could see 2 orc wizards.

Vanquished Creatures
  An orc priest (D:3)
  An adder (D:3)
  An ooze (D:1)
  A worm (D:2)
  4 dart slugs
  4 leopard geckos
  3 orcs (D:3)
  3 giant cockroaches
  2 goblins
  4 hobgoblins
  4 jackals
  7 bats
  2 frilled lizards (D:1)
  5 kobolds
  2 rats (D:1)
44 creatures vanquished.

Vanquished Creatures (others)
  An orc (D:3)
1 creature vanquished.

Grand Total: 45 creatures vanquished

Notes
Turn   | Place    | Note
-------+----------+-------------------------------------------
     0 | D:1      | MalarOregon the Merfolk Ice Elementalist began the quest
                  | for the Orb.
     0 | D:1      | Reached XP level 1. HP: 13/13 MP: 3/3
    43 | D:1      | Reached XP level 2. HP: 11/19 MP: 0/5
   602 | D:1      | Reached XP level 3. HP: 22/24 MP: 4/6
  1038 | D:2      | Found a basalt altar of Yredelemnul.
  1038 | D:2      | Found a glowing silver altar of Zin.
  1038 | D:2      | Found a shadowy altar of Dithmenos.
  1872 | D:3      | Reached XP level 4. HP: 30/30 MP: 2/8
  2338 | D:3      | HP: 1/30 [orc wizard/+0 dagger (2)]
  2342 | D:3      | Killed from afar by an orc wizard

Vault maps used:
D:1:      dpeg_arrival_round_c
D:2:      chequers_temple_overflow_statue_of_worship
D:3:      first_ration, fedhas_altar_4

Skill      XL: |  1  2  3  4 |
---------------+-------------+-----
Dodging        | 3 4 |  4.3
Ice Magic      | 4 |  4.3
Spellcasting   | 3 |  3.0
Stealth        | |  2.1
Conjurations   | |  0.7

Action                   |  1- 3 |  4- 6 || total
-------------------------+-------+-------++-------
Melee: Unarmed           |     9 |       ||     9
Throw: Javelin           |     4 |     7 ||    11
 Cast: Freeze            |    61 |    24 ||    85
  Eat: Chunk             |     3 |     2 ||     5
Armor: Robe              |     5 |     2 ||     7
Dodge: Dodged            |    38 |    26 ||    64

Table legend:
 A = Non-vault XP
 B = Vault XP
 C = Vault XP percentage of total XP
 D = Non-vault monster count
 E = Vault monster count
 F = Vault count percentage of total count
                 A         B        C        D         E       F
            +---------+---------+-------+---------+---------+-------
      Total |     157 |       0 |   0.0 |      45 |       0 |   0.0
            +---------+---------+-------+---------+---------+-------
        D:1 |      41 |       0 |   0.0 |      19 |       0 |   0.0
        D:2 |      29 |       0 |   0.0 |      12 |       0 |   0.0
        D:3 |      87 |       0 |   0.0 |      14 |       0 |   0.0
            +---------+---------+-------+---------+---------+-------
